 Dungeon Crawl Stone Soup version bcrawl-1.38b (webtiles) character file.

Game seed: 1943103994729036449

311473 CuBeRJAN3 the Missionary (level 9, 78/78 HPs)
             Began as a Hill Orc Monk on Sept 5, 2022.
             Was a Priest of Beogh.
             Quit the game on level 8 of the Dungeon on Feb 20, 2023.
             The game lasted 00:23:05 (6192 turns).

CuBeRJAN3 the Missionary (Hill Orc Monk)            Turns: 6192, Time: 00:23:05

Health: 78/78      AC: 11    Str: 20    XL:     9   Next: 91%
Magic:  14/14      EV: 15    Int: 10    God:    Beogh [***...]
Gold:   719        SH:  0    Dex: 15    Spells: 8/8 levels left

rFire    + . .     GDR:     27% v - +2 mace (protect)
rCold    + . .     SeeInvis .   (no shield)
rNeg     . . .     Gourm    .   l - +0 robe "Xono" {MR+}
rPois    .         Faith    .   c - +0 hat
rElec    .         Spirit   +   L - scarf {rC+ rF+}
rCorr    .         Reflect  .   t - +0 pair of gloves
MR       +....                  g - +2 pair of boots
Stlth    +++.......             d - amulet of guardian spirit
HPRegen  0.23/turn              M - +5 ring of strength
MPRegen  0.14/turn              E - +5 ring of protection

@: no status effects
A: no striking features
a: Smiting, Renounce Religion


You were on level 8 of the Dungeon.
You worshipped Beogh.
Beogh was most pleased with you.
You were hungry.

You visited 2 branches of the dungeon, and saw 9 of its levels.
You also visited: Sewer.

You collected 719 gold pieces.

Inventory:

Hand Weapons
 a - a +0 hand axe
 v - a +2 mace of protection (weapon)
 P - the +2 spear "Siptuitt" {flame, *Noise rElec Dex+2, unknown}
   (You found it on level 6 of the Dungeon)

   It has been specially enchanted to surge with flame as it hits, increasing
   damage dealt by approximately one third against foes not resistant or
   susceptible to fire.
   It affects your dexterity (+2).
   It insulates you from electricity.
   It may make noises in combat.
Missiles
 s - 138 poisoned tomahawks (quivered)
Armour
 b - a +1 robe
 c - a +0 hat (worn)
 g - a +2 pair of boots (worn)
 l - the +0 robe "Xono" (worn) {MR+}
   (You found it on level 5 of the Dungeon)

   It affects your resistance to hostile enchantments.
 t - a +0 pair of gloves (worn)
 L - a scarf of resistance (worn)
Jewellery
 d - an amulet of guardian spirit (around neck)
 m - an uncursed ring of wizardry
 o - a +3 ring of evasion
 q - the ring "Muutwoav" {Fire MR- Int+6}
   (You found it on level 2 of the Dungeon)

   [ring of fire]

   It enhances your fire magic.
   It affects your intelligence (+6).
   It protects you from fire.
   It makes you vulnerable to cold.
   It affects your resistance to hostile enchantments.
 u - a +3 ring of evasion
 E - a +5 ring of protection (right hand)
 J - an uncursed ring of protection from cold
 M - a +5 ring of strength (left hand)
Wands
 y - a wand of iceblast (2)
 D - a wand of paralysis (11)
 H - a wand of digging (4)
Scrolls
 f - 9 scrolls of remove curse
 h - 2 scrolls of enchant armour
 k - 2 scrolls of fear {unknown}
 r - 4 scrolls of teleportation
 x - 4 scrolls of magic mapping
 A - 2 scrolls of noise {unknown}
 B - 3 scrolls of amnesia {unknown}
Potions
 j - 7 potions of curing
 n - 4 potions of degeneration
 p - 2 potions of haste {unknown}
 w - 2 potions of brilliance
 z - 2 potions of heal wounds {unknown}
 C - a potion of magic {unknown}
 F - 2 potions of ambrosia {unknown}
 G - 2 potions of agility {unknown}
 I - 3 potions of lignification
 K - 4 potions of flight
 O - a potion of invisibility {unknown}
Comestibles
 e - 7 rations {!d}


   Skills:
 + Level 6.5 Fighting
   Level 6.5 Short Blades
   Level 6.5 Long Blades
   Level 6.5 Axes
   Level 6.5 Maces & Flails
   Level 6.5 Polearms
   Level 6.5 Staves
 + Level 5.9 Throwing
 + Level 5.8 Dodging
 + Level 6.0 Stealth
   Level 6.5 Unarmed Combat
 + Level 6.9 Invocations


You had 8 spell levels left.
You didn't know any spells.
Your spell library contained the following spells:

 Spells                   Type           Power        Failure   Level  Hunger
 Necrotize                Necr           #.....       36%         1    None
 Vampiric Draining        Necr           #.........   75%         3    #####..
 Agony                    Necr           #.......     98%         4    ######.
 Animate Dead             Necr           N/A          98%         4    ######.
 Dispel Undead            Necr           #.......     100%        5    #######


Dungeon Overview and Level Annotations

Branches:
Dungeon (8/12)             Temple (1/1) D:6
   Lair: D:7-9          Orc: D:8-11

Altars:
Dithmenos
Elyvilon
Gozag
Hepliaklqana
Lugonu
Makhleb
Nemelex Xobeh
Sif Muna
Trog
Uskayaw
Vehumet
Xom
Yredelemnul
Zin
The Shining One

Annotations:
D:3 2 transporters, 1 runed door, DangeonMaster's ghost, weakling TrFi
D:5 Menkaure


Message History

There is a stone staircase leading up here.
Save game and exit?
Welcome back, CuBeRJAN3 the Hill Orc Monk.
Beogh says: Drown the unbelievers in a sea of blood!
Press m to set your skill training.
Press ? for a list of commands and other information.
Quiver which item? (- for none, * to show all) (? for menu, Esc to quit)
Okay, then.
Unknown command.
Quiver which item? (- for none, * to show all) (? for menu, Esc to quit)
Okay, then.
Okay, then.
Save game and exit?
Okay, then.
There's nothing to close nearby.
There isn't anything here!
Unknown command.
Unknown command.
Unknown command.
Unknown command.
Are you sure you want to abandon this character and quit the game? (Confirm with "yes".)

#...#..# ...
.###.....# #..
.##
..#.....###.#
...
#..##...#..# ..
#..##.>..# #.
###......## .#
###....####.##
##.# .......#
##.###.#
..##...##
##..o@##
####....#
#.....# #.#..#
##.##......#
##.##.##
#..###....## #
#...>..###.##
....#
###...........#
....#
...#####'''####
...).. #..#
##.....##
.###.. ##.#
#.⌠.#.⌠.## #.


You could see a friendly orc warrior.

Vanquished Creatures
  Pikel (D:7)
  A sky beast (D:6)
  A soldier ant (D:6)
  A black bear (D:6)
  3 phantoms
  An ogre (D:5)
  A slave (D:7)
  A kobold brigand (Sewer)
  A bullfrog (D:6)
  2 elf zombies (D:6)
  A water moccasin zombie (D:6)
  2 elf skeletons (D:6)
  5 centaurs
  4 scorpions
  An orc priest (D:3)
  3 howler monkeys
  4 crimson imps
  A jelly (D:7)
  A hound (D:5)
  A bullfrog skeleton (D:4)
  An iron imp (D:4)
  3 human skeletons (D:6)
  An iguana (D:4)
  An orc wizard (D:4)
  7 worker ants
  A hound zombie (D:7)
  3 gnolls (D:3)
  2 river rats (Sewer)
  5 adders
  A shadow imp (D:6)
  4 oozes
  An adder skeleton (D:7)
  An adder zombie (D:6)
  8 worms
  4 dart slugs
  2 leopard geckos
  4 orcs
  4 bats
  2 bat skeletons (D:8)
  A bat zombie (D:8)
  2 giant cockroaches
  7 goblins
  6 hobgoblins
  10 jackals
  4 quokkas
  7 frilled lizards
  A goblin skeleton (D:5)
  A goblin zombie (D:5)
  3 hobgoblin zombies (D:5)
  A jackal zombie (D:5)
  15 kobolds
  3 orc skeletons
  3 orc zombies
  3 quokka skeletons
  8 rats
166 creatures vanquished.

Vanquished Creatures (collateral kills)
  A steam dragon (D:7)
  A worker ant (D:8)
  An adder (D:7)
  A shadow imp (D:8)
  A bat skeleton (D:8)
  A bat zombie (D:8)
6 creatures vanquished.

Vanquished Creatures (others)
  An orc wizard (D:7)
  2 orcs
  A goblin (D:2)
4 creatures vanquished.

Grand Total: 176 creatures vanquished

Notes
Turn   | Place    | Note
-------+----------+-------------------------------------------
     0 | D:1      | CuBeRJAN3 the Hill Orc Monk began the quest for the Orb.
     0 | D:1      | Reached XP level 1. HP: 19/19 MP: 2/2
   217 | D:1      | Reached XP level 2. HP: 24/27 MP: 4/4
   676 | D:2      | Reached XP level 3. HP: 33/33 MP: 5/5
   819 | D:2      | Got a smoking lapis lazuli ring
   821 | D:2      | Identified the cursed ring "Muutwoav" {Fire MR- Int+6} (You
                  | found it on level 2 of the Dungeon)
  1126 | D:2      | Reached skill level 1 in Throwing
  1126 | D:2      | Reached XP level 4. HP: 30/40 MP: 6/6
  1608 | D:3      | Reached XP level 5. HP: 40/46 MP: 5/7
  1779 | D:3      | Became a worshipper of Beogh the Brigand
  1779 | D:3      | Reached * piety under Beogh
  1779 | D:3      | Reached ** piety under Beogh
  1800 | D:3      | Found a transporter.
  1815 | D:3      | Noticed an ogre
  1816 | D:3      | Noticed DangeonMaster's ghost (weakling TrFi)
  1832 | D:3      | Found a transporter.
  2161 | D:3      | Found a runed door.
  2263 | D:4      | Found a hide-covered altar of Uskayaw.
  2304 | D:4      | Reached XP level 6. HP: 52/53 MP: 4/8
  2495 | D:4      | Reached XP level 7. HP: 53/60 MP: 7/9
  2864 | D:4      | Reached skill level 5 in Fighting
  2961 | D:5      | Entered Level 5 of the Dungeon
  2968 | D:5      | Found a glowing golden altar of the Shining One.
  3070 | D:5      | Got a colourful robe
  3081 | D:5      | Identified the +0 robe "Xono" {MR+} (You found it on level
                  | 5 of the Dungeon)
  3135 | D:5      | Noticed Menkaure
  3331 | D:5      | Reached XP level 8. HP: 68/68 MP: 10/10
  3532 | D:5      | Found a glowing drain.
  3553 | Sewer    | Entered a sewer
  3615 | Sewer    | Reached *** piety under Beogh
  3651 | Sewer    | Found a glowing silver altar of Zin.
  4395 | D:6      | Reached skill level 5 in Stealth
  4409 | D:6      | Reached skill level 5 in Dodging
  4409 | D:6      | Reached skill level 5 in Invocations
  4462 | D:6      | Reached XP level 9. HP: 63/75 MP: 10/13
  4504 | D:6      | Got a fading spear
  4674 | D:6      | Reached skill level 5 in Throwing
  4759 | D:6      | Found a sparkling altar of Nemelex Xobeh.
  4969 | D:6      | Found a staircase to the Ecumenical Temple.
  4994 | Temple   | Entered the Ecumenical Temple
  5355 | D:7      | Noticed Pikel
  5361 | D:7      | Killed Pikel
  5764 | D:7      | Found a shimmering blue altar of Sif Muna.
  5764 | D:7      | Found a bloodstained altar of Trog.
  5777 | D:7      | Found a basalt altar of Yredelemnul.
  5787 | D:7      | Found a shadowy altar of Dithmenos.
  6153 | D:8      | Upgraded the game from bcrawl-1.36.5b to bcrawl-1.37.2
  6192 | D:8      | Upgraded the game from bcrawl-1.37.2 to bcrawl-1.38b
  6192 | D:8      | Quit the game

Skill      XL: |  1  2  3  4  5  6  7  8  9 |
---------------+----------------------------+-----
Stealth        | 2 3 4 5 6 |  6.0
Fighting       | 4 5 6 |  6.5
Throwing       | 1 2 3 4 5 |  5.9
Dodging        | 3 4 5 |  5.8
Invocations    | 3 5 6 |  6.9
Short Blades   | |  6.5
Long Blades    | |  6.5
Axes           | |  6.5
Maces & Flails | |  6.5
Polearms       | |  6.5
Staves         | |  6.5
Unarmed Combat | |  6.5

Action                   |  1- 3 |  4- 6 |  7- 9 || total
-------------------------+-------+-------+-------++-------
Melee: Hand axe          |    88 |    23 |       ||   111
       Punch             |     2 |     1 |    14 ||    17
       Mace              |       |   109 |   424 ||   533
Throw: Tomahawk          |       |    18 |    18 ||    36
Invok: Smiting           |       |     2 |     3 ||     5
       Convert to Beogh  |       |     1 |       ||     1
  Use: Scroll            |     1 |     7 |     2 ||    10
 Stab: Sleeping          |     4 |     3 |    12 ||    19
       Distracted        |       |       |     1 ||     1
  Eat: Chunk             |     3 |     9 |    17 ||    29
       Ration            |       |       |     2 ||     2
Armor: Robe              |    26 |    39 |   176 ||   241
Dodge: Dodged            |   108 |   148 |   286 ||   542
